 Dungeon Crawl Stone Soup version 0.31.0-11-ge490571c62 (webtiles) character file.

Game seed: 451359652143087077

392 qw the Shooter (level 6, -4/30 HPs)
             Began as a Spriggan Hunter on Feb 5, 2024.
             Slain by an orc
             ... wielding a +0 flail
              (9 damage)
             ... on level 4 of the Dungeon.
             The game lasted 00:01:57 (2485 turns).

qw the Shooter (Spriggan Hunter)                    Turns: 2485, Time: 00:01:58

Health: -4/30      AC:  2    Str:  7    XL:     6   Next: 51%
Magic:  7/7        EV: 21    Int: 11    God:
Gold:   69         SH:  0    Dex: 20    Spells: 5/5 levels left

rFire   . . .        a - +1 shortbow (heavy)
rCold   . . .        (shield currently unavailable)
rNeg    + . .        c - +0 robe
rPois   .            (helmet restricted)
rElec   .            (no cloak)
rCorr   .            (gloves unavailable)
SInv    +            (boots unavailable)
Will    +....        m - amulet of faith
Stlth   ++           l - ring of positive energy
HPRegen 0.25/turn    (no ring)
MPRegen 0.10/turn

%: faith
@: about to teleport, very quick
A: very small, no large weapons, unfitting armour, see invisible, speed 3
a: no special abilities


You were on level 4 of the Dungeon.
You visited 1 branch of the dungeon, and saw 5 of its levels.

You collected 339 gold pieces.
You spent 270 gold pieces at shops.


Innate Abilities, Weirdness & Mutations

You are very small and have problems with some larger weapons.
You are too small for most types of armour.
You have supernaturally acute eyesight. (SInv)
You cover ground extremely quickly. (Speed+++)


   Skills:
 - Level 2.1 Fighting
 + Level 6.4 Ranged Weapons
 - Level 6.0 Dodging
 - Level 1.5 Stealth


You had 5 spell levels left.
You didn't know any spells.
Your spell library was empty.

Inventory:

Hand Weapons
 a - a +1 heavy shortbow (weapon)
Armour
 c - a +0 robe (worn)
Jewellery
 j - an amulet of regeneration
 l - a ring of positive energy (left hand)
 m - an amulet of faith (around neck)
Scrolls
 d - 2 scrolls of enchant armour
 g - a scroll of brand weapon
 k - a scroll of teleportation
Potions
 b - 2 potions of mutation
 e - 3 potions of curing

Dungeon Overview and Level Annotations

Branches:
Dungeon (5/15)
 Temple: D:4-7

Altars:

Shops:
D:4 ?(=!!

Annotations:
D:4 Edmund


Message History

Done exploring.
What level of the Dungeon? (default 4, ? - help)
There is a stone staircase leading down here.
You climb downwards.
Found 11 gold pieces.
Found a stone staircase leading up.
There is a stone staircase leading up here.
There are monsters nearby!
Waypoint 4 assigned to D:5.
You shoot an arrow. The arrow hits the orc!
You kill the orc!
The orc shouts!
You hear a shout!
2447 ||| STAIRDANCE The orc barely misses you.
You climb upwards.
There is a stone staircase leading down here.
You shoot an arrow. The arrow hits the orc!
You kill the orc!
Enter note:
Enter note:
Enter note: You see here a +0 long sword.
You see here a +0 falchion.
There is a stone staircase leading down here.
You climb downwards.
Edmund barely misses you.
There is a stone staircase leading up here.
2481 ||| STAIRDANCE Edmund hits you with a +1 heavy flail!
Ouch! That really hurt!
The orc closely misses you.
You climb upwards.
There is a stone staircase leading down here.
You shoot an arrow. The arrow barely misses Edmund.
The orc completely misses you. Edmund completely misses you.
You shoot an arrow. The arrow closely misses Edmund.
The orc misses you. Edmund hits you with a +1 heavy flail.
The orc hits you with a +0 flail.
2485 ||| READING 2 scrolls of teleportation.
As you read the scroll of teleportation, it crumbles to dust.
You feel strangely unstable. The orc hits you with a +0 flail!
You die...

###### # #### #....# ####.##
#....# .'\#..# #....# .###..#
##....############ ...#..#
##..@@###...#.....## ......#
##....o'\#.....|....## ....).#
#......###...........# ...##.###
#..).................#
##......###....................#
...............................#
...............................#
##......###......<.............#
#......###..............\....##


You could see Edmund and an orc.

Vanquished Creatures
  2 phantoms (D:4)
  An orc priest (D:3)
  Terence (D:2)
  Robin (D:2)
  3 gnolls (D:4)
  2 adders
  4 dart slugs
  10 orcs
  9 ball pythons
  5 bats
  8 endoplasms
  4 giant cockroaches
  13 goblins
  17 hobgoblins
  4 jackals (D:2)
  8 kobolds
  3 quokkas
  6 frilled lizards
  4 rats
105 creatures vanquished.

Notes
Turn   | Place    | Note
-------+----------+-------------------------------------------
     0 | D:1      | qw the Spriggan Hunter began the quest for the Orb.
     0 | D:1      | Reached XP level 1. HP: 10/10 MP: 2/2
     0 | D:1      | 0 ||| qw: Version: 0.3-a-160-g6735b56
     0 | D:1      | 0 ||| qw: Game counter: 6250
     0 | D:1      | 0 ||| qw: Melee chars always use a shield: true
     0 | D:1      | 0 ||| qw: God list: Okawaru
     0 | D:1      | 0 ||| qw: Allow faded altars: false
     0 | D:1      | 0 ||| qw: Do Orc after clearing Dungeon:15 true
     0 | D:1      | 0 ||| qw: Do second Lair branch before Depths: true
     0 | D:1      | 0 ||| qw: Lair rune preference: random
     0 | D:1      | 0 ||| qw: Goals: Normal
     0 | D:1      | 0 ||| PLANNING D:1-11
    39 | D:1      | Reached skill level 3 in Dodging
    76 | D:1      | Reached XP level 2. HP: 14/14 MP: 3/3
   306 | D:1      | Reached XP level 3. HP: 15/18 MP: 4/4
   446 | D:1      | 446 ||| READING scroll labelled IRUBBI WUKHLOVE.
   449 | D:1      | 449 ||| READING 3 scrolls labelled TUOCOD QUNI.
   449 | D:1      | 449 ||| IDENTIFYING sapphire potion
   450 | D:1      | 450 ||| READING 2 scrolls of identify.
   450 | D:1      | 450 ||| IDENTIFYING 2 lumpy cyan potions
   451 | D:1      | 451 ||| DROPPING scroll of butterflies.
   452 | D:1      | 452 ||| DROPPING 2 potions of degeneration.
   777 | D:2      | Noticed Terence
   784 | D:2      | Killed Terence
   785 | D:2      | Reached XP level 4. HP: 16/22 MP: 5/5
   788 | D:2      | 788 ||| FLEEEEING.
   790 | D:2      | 790 ||| FLEEEEING.
   791 | D:2      | 791 ||| FLEEEEING.
   948 | D:2      | Found a faded altar of an unknown god.
   973 | D:2      | Noticed Robin
   993 | D:2      | HP: 5/22 [hobgoblin[Robin] (2)]
   995 | D:2      | Killed Robin
   999 | D:2      | HP: 5/22 [kobold/+0 short sword (2)]
  1178 | D:2      | 1178 ||| DROPPING amulet of magic regeneration.
  1179 | D:2      | 1179 ||| READING 2 scrolls of identify.
  1179 | D:2      | 1179 ||| IDENTIFYING scroll labelled TASADA MUJAI
  1180 | D:2      | 1180 ||| READING scroll of identify.
  1180 | D:2      | 1180 ||| IDENTIFYING scroll labelled AGISEFOOCO
  1181 | D:2      | 1181 ||| READING 2 scrolls labelled VAICESUSEPA.
  1181 | D:2      | 1181 ||| BRANDING +0 shortbow.
  1182 | D:2      | 1182 ||| READING scroll labelled MAOMUC JIMYSE.
  1182 | D:2      | 1182 ||| ENCHANTING +0 heavy shortbow.
  1183 | D:2      | 1183 ||| READING scroll labelled DYPESE FAJEON.
  1184 | D:2      | 1184 ||| DROPPING scroll of revelation.
  1185 | D:2      | 1185 ||| DROPPING scroll of vulnerability.
  1235 | D:3      | Reached XP level 5. HP: 22/26 MP: 6/6
  2011 | D:3      | 2011 ||| UPGRADING to amulet of regeneration.
  2016 | D:3      | 2016 ||| READING scroll of identify.
  2016 | D:3      | 2016 ||| IDENTIFYING silvery potion
  2017 | D:3      | 2017 ||| READING scroll labelled PAYZ YKINT.
  2018 | D:3      | 2018 ||| READING scroll labelled VAGID UFFYNA.
  2026 | D:4      | Found Woshrif's Magic Scroll Shop.
  2041 | D:4      | 2041 ||| BUYING scroll of enchant weapon (82 gold).
  2041 | D:4      | Bought a scroll of enchant weapon for 82 gold pieces
  2041 | D:4      | 2041 ||| BUYING scroll of identify (22 gold).
  2041 | D:4      | Bought a scroll of identify for 22 gold pieces
  2041 | D:4      | 2041 ||| BUYING scroll of identify (22 gold).
  2041 | D:4      | Bought a scroll of identify for 22 gold pieces
  2041 | D:4      | 2041 ||| BUYING scroll of teleportation (33 gold).
  2041 | D:4      | Bought a scroll of teleportation for 33 gold pieces
  2041 | D:4      | 2041 ||| BUYING scroll of teleportation (33 gold).
  2041 | D:4      | Bought a scroll of teleportation for 33 gold pieces
  2041 | D:4      | 2041 ||| READING scroll of enchant weapon.
  2041 | D:4      | 2041 ||| ENCHANTING +0 heavy shortbow.
  2050 | D:4      | Found Xesamase's Antique Weapon Emporium.
  2064 | D:4      | 2064 ||| SHOPLISTING arbalest (112 gold, have 78).
  2083 | D:4      | Found Koahaer's Jewellery Boutique.
  2084 | D:4      | Found Inedipoff's Distillery.
  2091 | D:4      | Found Pabla's Distillery.
  2092 | D:4      | Noticed a phantom
  2093 | D:4      | 2093 ||| DRINKING potion of haste.
  2098 | D:4      | Killed a phantom
  2099 | D:4      | Reached skill level 6 in Ranged Weapons
  2099 | D:4      | Reached XP level 6. HP: 30/30 MP: 7/7
  2099 | D:4      | 2099 ||| SHOPLISTING potion of mutation (104 gold, have
                  | 88).
  2106 | D:4      | 2106 ||| SHOPLISTING 2 potions of mutation (208 gold, have
                  | 88).
  2106 | D:4      | 2106 ||| BUYING potion of curing (39 gold).
  2106 | D:4      | Bought a potion of curing for 39 gold pieces
  2106 | D:4      | 2106 ||| BUYING potion of curing (39 gold).
  2106 | D:4      | Bought a potion of curing for 39 gold pieces
  2106 | D:4      | 2106 ||| SHOPLISTING potion of curing (39 gold, have 10).
  2106 | D:4      | 2106 ||| SHOPLISTING potion of haste (130 gold, have 10).
  2106 | D:4      | 2106 ||| SHOPLISTING potion of heal wounds (65 gold, have
                  | 10).
  2106 | D:4      | 2106 ||| SHOPLISTING potion of resistance (130 gold, have
                  | 10).
  2127 | D:4      | 2127 ||| SHOPLISTING amulet of reflection (390 gold, have
                  | 25).
  2127 | D:4      | 2127 ||| SHOPLISTING ring "Ugeat" {Ice Will+} (488 gold,
                  | have 25).
  2127 | D:4      | 2127 ||| SHOPLISTING ring of fire (325 gold, have 25).
  2127 | D:4      | 2127 ||| SHOPLISTING ring of positive energy (260 gold,
                  | have 25).
  2127 | D:4      | 2127 ||| SHOPLISTING ring of protection from cold (325
                  | gold, have 25).
  2127 | D:4      | 2127 ||| SHOPLISTING ring of protection from fire (325
                  | gold, have 25).
  2127 | D:4      | 2127 ||| SHOPLISTING ring of resist corrosion (260 gold,
                  | have 25).
  2245 | D:4      | Reached skill level 6 in Dodging
  2425 | D:4      | 2425 ||| UPGRADING to amulet of faith.
  2435 | D:4      | 2435 ||| UPGRADING to ring of positive energy.
  2436 | D:4      | 2436 ||| READING 2 scrolls of identify.
  2436 | D:4      | 2436 ||| IDENTIFYING fuming coppery potion
  2437 | D:4      | 2437 ||| READING scroll of identify.
  2437 | D:4      | 2437 ||| IDENTIFYING 2 metallic inky potions
  2438 | D:4      | 2438 ||| READING scroll labelled ISAITH ACIPS.
  2439 | D:4      | 2439 ||| DROPPING potion of lignification.
  2445 | D:5      | Entered Level 5 of the Dungeon
  2447 | D:5      | 2447 ||| STAIRDANCE
  2480 | D:5      | Noticed Edmund
  2481 | D:5      | 2481 ||| STAIRDANCE
  2484 | D:4      | HP: 5/30 [orc/+0 flail (4)]
  2485 | D:4      | 2485 ||| READING 2 scrolls of teleportation.
  2485 | D:4      | Slain by an orc

Levels and vault maps discovered:
D:1:      nzn_arrival_settlement, layout_basic, minmay_misc_feat_columns,
          minivault_23
D:2:      layout_loops_cross, shapermc_ecumenical_altar_pompeii,
          wad_floor_pattern_1, uniq_robin, uniq_terence
D:3:      layout_basic, minmay_curled_crystal
D:4:      layout_rooms, serial_shops, shop, shop, nicolae_shop_tiny_glass, shop,
          nicolae_shop_window_shopping
D:5:      layout_rooms, uniq_blork_the_orc, uniq_edmund

Skill      XL: |  1  2  3  4  5  6 |
---------------+-------------------+-----
Dodging        | 3 4 5 6 |  6.0
Ranged Weapons | 5 6 |  6.4
Fighting       | 2 |  2.1
Stealth        | |  1.5

Action                     |  1- 3 |  4- 6 || total
---------------------------+-------+-------++-------
   Fire: Shortbow          |   111 |   142 ||   253
    Use: Scroll            |     3 |    13 ||    16
         Potion            |       |     1 ||     1
 Armour: Robe              |     7 |    26 ||    33
  Dodge: Dodged            |    33 |    64 ||    97

Table legend:
 A = Non-vault XP
 B = Vault XP
 C = Vault XP percentage of total XP
 D = Non-vault monster count
 E = Vault monster count
 F = Vault count percentage of total count
                 A         B        C        D         E       F
            +---------+---------+-------+---------+---------+-------
      Total |     489 |      72 |  12.8 |      93 |      12 |  11.4
            +---------+---------+-------+---------+---------+-------
        D:1 |      49 |       0 |   0.0 |      30 |       0 |   0.0
        D:2 |      41 |      72 |  63.7 |      22 |      12 |  35.3
        D:3 |     108 |       0 |   0.0 |      24 |       0 |   0.0
        D:4 |     288 |       0 |   0.0 |      16 |       0 |   0.0
        D:5 |       3 |       0 |   0.0 |       1 |       0 |   0.0
            +---------+---------+-------+---------+---------+-------
